 Dungeon Crawl Stone Soup version 0.28-a0-1348-g050f3537b9 (webtiles) character file.

Game seed: 7755551100809429089

438 Cheeritup the Grave Robber (level 6, -8/48 HPs)
             Began as a Demonspawn Necromancer on Dec 30, 2021.
             Mangled by an orc warrior (10 damage)
             ... on level 5 of the Dungeon.
             The game lasted 00:09:32 (4529 turns).

Cheeritup the Grave Robber (Demonspawn Necromancer) Turns: 4529, Time: 00:09:34

Health: -8/48      AC:  9    Str: 13    XL:     6   Next: 69%
Magic:  9/9        EV: 11    Int: 23    God:
Gold:   74         SH:  0    Dex: 17    Spells: 5/9 levels left

rFire   + . .      SeeInvis .   e - +0 war axe
rCold   x . .      Faith    .   (no shield)
rNeg    . . .      Spirit   .   j - +1 ring mail "Goocsao" {rF+ rC- Str+3 Dex+4}
rPois   .          Reflect  .   (no helmet)
rElec   .          Harm     .   h - +2 cloak
rCorr   .          Rampage  .   (no gloves)
Will    .....                   (no boots)
Stlth   +.........              (no amulet)
HPRegen 0.16/turn               b - +6 ring of intelligence
MPRegen 0.11/turn               (no ring)

@: no status effects
A: demonic guardian 1, demonic magic 2
a: no special abilities


You were on level 5 of the Dungeon.
You visited 1 branch of the dungeon, and saw 5 of its levels.

You collected 74 gold pieces.

Inventory:

Hand Weapons
 e - a +0 war axe (weapon)
Missiles
 k - 11 poisoned darts
Armour
 h - a +2 cloak (worn)
 j - the +1 ring mail "Goocsao" (worn) {rF+ rC- Str+3 Dex+4}
   (You found it on level 2 of the Dungeon)

   Str:       It affects your strength (+3).
   Dex:       It affects your dexterity (+4).
   rF:        It protects you from fire.
   rC:        It makes you vulnerable to cold.
Jewellery
 b - a +6 ring of intelligence (left hand)
Wands
 o - a wand of flame (19)
Scrolls
 l - a scroll of enchant armour
 m - a scroll of teleportation {unknown}
 p - a scroll of identify {unknown}
Potions
 a - a potion of curing {unknown}
 c - 2 potions of ambrosia {unknown}
 d - a potion of might {unknown}
 f - a potion of brilliance {unknown}
 g - 2 potions of haste {unknown}
 i - a potion of mutation {unknown}
 n - a potion of berserk rage {unknown}


   Skills:
 * Level 4.3 Fighting
 + Level 2.2 Armour
 - Level 1.7 Dodging
 - Level 1.7 Stealth
 - Level 2.0 Spellcasting
 * Level 6.6 Necromancy


You had 5 spell levels left.
You knew the following spells:

 Your Spells              Type           Power      Damage    Failure   Level
a - Pain                  Necr           100%       1d9       1%          1
b - Vampiric Draining     Necr           32%        2d8       5%          3

Your spell library contained the following spells:

 Spells                   Type           Power      Damage    Failure   Level
 Animate Skeleton         Necr           64%        N/A       1%          1
 Animate Dead             Necr           16%        N/A       19%         4
 Agony                    Necr           32%        N/A       45%         5


Dungeon Overview and Level Annotations

Branches:
Dungeon (6/15)
 Temple: D:4-7

Altars:
Hepliaklqana
Okawaru
Trog


Innate Abilities, Weirdness & Mutations

A weak demonic guardian rushes to your aid.
Spells you cast may paralyse nearby enemies.


Message History

Your quasit barely misses the orc wizard.
The orc warrior barely misses you.
The orc wizard hits you but does no damage.
Your quasit bites the orc wizard.
Your quasit claws the orc wizard.
Your quasit claws the orc wizard but does no damage.
You hit the orc warrior.
The orc warrior is severely wounded.
You hit the orc wizard.
The orc warrior hits you but does no damage.
Your quasit misses the orc wizard.
Your quasit claws the orc wizard but does no damage.
Your quasit claws the orc wizard.
The orc wizard closely misses you. The orc warrior barely misses you.
You hit the orc warrior but do no damage.
The orc warrior is severely wounded.
You hit the orc wizard but do no damage.
Your quasit closely misses the orc wizard.
Your quasit claws the orc wizard but does no damage.
Your quasit barely misses the orc wizard.
The orc wizard hits you but does no damage.
Your quasit bites the orc wizard.
Your quasit closely misses the orc wizard.
Your quasit barely misses the orc wizard.
The orc warrior hits you with a +0 scimitar!
* * * LOW HITPOINT WARNING * * *
The orc wizard completely misses your quasit.
You hit the orc warrior.
The orc warrior is almost dead.
You closely miss the orc wizard.
Your quasit bites the orc wizard but does no damage.
Your quasit claws the orc wizard but does no damage.
Your quasit claws the orc wizard.
The orc warrior hits you with a +0 scimitar!
* * * LOW HITPOINT WARNING * * *
Your quasit bites the orc wizard but does no damage.
Your quasit closely misses the orc wizard.
Your quasit claws the orc wizard.
The orc wizard closely misses your quasit.
The orc warrior hits you with a +0 scimitar!
You die...

...##....>...#
#####..#.#.#.# ..
#.#...##.# ..
#.##.###.# .# #.
#...#.# .# ###.#.#
##.#### #.#.#
#.....
#.####)#)#######..#
#........##.@oo...#
######.####o####.##
#....5....#.# #
#.##.###..#$# .#
#.#.## #.#.# ..###
#..## #..#.....#
#..# #........#
#..## ##.#......#
#.#.## ##.###.....o


You could see an orc warrior (ally target), an orc wizard, an orc and a friendly
quasit (summoned).

Vanquished Creatures
  A necrophage (D:6)
  A centaur (D:5)
  A water moccasin skeleton (D:5)
  A hound (D:6)
  5 adders
  An ufetubus (D:5)
  A worm (D:2)
  6 dart slugs
  3 orcs (D:5)
  3 ball pythons (D:1)
  3 bats
  8 endoplasms
  A giant cockroach (D:1)
  A goblin (D:2)
  6 hobgoblins
  A quokka (D:1)
  A frilled lizard (D:1)
  A kobold (D:1)
  4 rats
49 creatures vanquished.

Vanquished Creatures (collateral kills)
  A black bear (D:6)
1 creature vanquished.

Grand Total: 50 creatures vanquished

Notes
Turn   | Place    | Note
-------+----------+-------------------------------------------
     0 | D:1      | Cheeritup the Demonspawn Necromancer began the quest for
                  | the Orb.
     0 | D:1      | Reached XP level 1. HP: 13/13 MP: 3/3
   569 | D:1      | Reached skill level 1 in Fighting
   590 | D:1      | Gained mutation: Spells you cast may paralyse adjacent
                  | enemies. [demonic ancestry]
   590 | D:1      | Reached XP level 2. HP: 4/21 MP: 3/5
  1773 | D:1      | Gained mutation: A weak demonic guardian rushes to your
                  | aid. [demonic ancestry]
  1773 | D:1      | Reached XP level 3. HP: 24/27 MP: 3/6
  1897 | D:1      | Found a faded altar of an unknown god.
  1997 | D:1      | Reached skill level 5 in Necromancy
  2522 | D:2      | Identified the +1 ring mail "Goocsao" {rF+ rC- Str+3 Dex+4}
  2545 | D:2      | Learned a level 3 spell: Vampiric Draining
  3145 | D:2      | Learned a level 3 spell: Vampiric Draining
  3203 | D:3      | Reached XP level 4. HP: 31/34 MP: 3/7
  3362 | D:3      | You fall into a shaft and drop 3 floors!
  3362 | D:6      | Found a hazy altar of Hepliaklqana.
  3362 | D:6      | Found a faded altar of an unknown god.
  3363 | D:6      | Found a bloodstained altar of Trog.
  3364 | D:6      | Found an iron altar of Okawaru.
  3371 | D:6      | Found a faded altar of an unknown god.
  3494 | D:6      | Reached skill level 1 in Armour
  3536 | D:5      | Entered Level 5 of the Dungeon
  3553 | D:5      | Noticed a black bear
  3627 | D:6      | Noticed a necrophage
  3675 | D:6      | Killed a black bear
  3676 | D:6      | Gained mutation: Spells you cast may paralyse nearby
                  | enemies. [demonic ancestry]
  3676 | D:6      | Reached XP level 5. HP: 8/41 MP: 8/8
  3682 | D:6      | Killed a necrophage
  3683 | D:6      | Reached skill level 6 in Necromancy
  3683 | D:6      | Reached XP level 6. HP: 11/48 MP: 9/9
  4511 | D:5      | Noticed an orc warrior
  4529 | D:5      | HP: 2/48 [orc warrior (11)]
  4529 | D:5      | Mangled by an orc warrior

Illustrated notes

Levels and vault maps discovered:
D:1:      mrwooster_arrival_arrow, layout_loops_cross,
          hellmonk_ecumenical_altar_leap_of_faith, hangedman_decor_push
D:2:      layout_loops_ring
D:3:      layout_basic, gammafunk_temple_overflow_claw, zin_scriptorium,
          grunt_qazlal_clouds, uniq_terence, uniq_ijyb, uniq_jessica
D:5:      layout_loops_ring, nzn_wu_jian_contemplation, enter_ossuary_1,
          uniq_grinder, uniq_prince_ribbit1
D:6:      layout_cave_pools, chequers_temple_overflow_minitemple

Skill      XL: |  1  2  3  4  5  6 |
---------------+-------------------+-----
Fighting       | 1 2 3 4 |  4.3
Necromancy     | 5 6 |  6.6
Armour         | 1 2 |  2.2
Dodging        | |  1.7
Stealth        | |  1.7
Spellcasting   | |  2.0

Action                   |  1- 3 |  4- 6 || total
-------------------------+-------+-------++-------
Melee: Dagger            |    16 |       ||    16
       Unarmed           |     7 |       ||     7
       War axe           |    26 |    52 ||    78
 Cast: Pain              |    58 |    17 ||    75
  Use: Scroll            |     3 |     2 ||     5
 Stab: Distracted        |       |     1 ||     1
Armor: Robe              |     7 |       ||     7
       Ring mail         |    12 |    60 ||    72
Dodge: Dodged            |    29 |    83 ||   112

Table legend: (Time is in decaauts)
 A = Elapsed time spent in this place.
 B = Non-inter-level travel time spent in this place.
 C = Inter-level travel time spent in this place.
 D = Time resting spent in this place.
 E = Time spent auto-exploring this place.
 F = Levels seen in this place.
 G = Mean time per level.
                   A        B        C        D        E       F      G
               +--------+--------+--------+--------+--------+-----+--------+
         Total |   4568 |   4512 |     56 |   1515 |   2182 |   5 |  913.6 |
       Dungeon |   4568 |   4512 |     56 |   1515 |   2182 |   5 |  913.6 |
               +--------+--------+--------+--------+--------+-----+--------+

Top non-repeatable levels by time:
     D:1: 2122 daAuts
     D:2: 1068 daAuts
     D:5: 660 daAuts
     D:6: 534 daAuts
     D:3: 181 daAuts
